 Dungeon Crawl Stone Soup version 0.16-a0-4072-gc5a8185 (console) character file.

301 hhkb the Insei (level 6, -2/38 HPs)
             Began as an Octopode Transmuter on Feb 21, 2015.
             Shot with an arrow of frost by a centaur (7 damage)
             ... on level 5 of the Dungeon.
             The game lasted 00:09:19 (5349 turns).

hhkb the Insei (Octopode Transmuter)                Turns: 5349, Time: 00:09:20

Health: -2/38      AC:  1    Str:  9      XL:     6   Next: 37%
Magic:  10/10      EV: 12    Int: 15      God:
Gold:   163        SH:  0    Dex: 12 (15) Spells: 3 memorised, 3 levels left

rFire  . . .     SeeInvis .       - Unarmed
rCold  . . .     Clarity  .     (no shield)
rNeg   . . .     SustAb   .     (helmet restricted)
rPois  .         Gourm    .     (no amulet)
rElec  .         Spirit   .     (no ring)
rCorr  .         Warding  .     (no ring)
rMut   .         Stasis   .     (no ring)
MR     .....                    (no ring)
Stlth  ++........               (no ring)
                                (no ring)
                                (no ring)
                                (no ring)

@: not resistant to hostile enchantments, unstealthy
A: almost no armour, amphibious, 8 rings, constrict 8, camouflage 1, gelatinous
body 1
a: no special abilities


You were on level 5 of the Dungeon.
You were not hungry.

You visited 1 branch of the dungeon, and saw 5 of its levels.

You collected 163 gold pieces.

Inventory:

Missiles
 b - 23 arrows
 n - 10 arrows of flame
 p - 81 stones (quivered)
Jewellery
 r - an uncursed ring of protection from cold {unknown}
   (You took it off a kobold on level 4 of the Dungeon)
Magical devices
 m - a wand of slowing (29)
   (You found it on level 4 of the Dungeon)
Scrolls
 e - a scroll of fear {unknown}
 g - a scroll of enchant weapon {unknown}
 i - 2 scrolls of remove curse
 k - 2 scrolls of amnesia
 q - 2 scrolls of teleportation
 t - a scroll of fog {unknown}
Potions
 c - a potion of ambrosia {unknown}
 f - a potion of lignification {unknown}
 h - 4 potions of might
 j - a potion of mutation {unknown}
 o - 2 potions of invisibility {unknown}
 s - a potion of heal wounds
 u - a potion of haste {unknown}
Books
 d - a book of Changes
Comestibles
 a - 2 bread rations {@e1}
 l - a meat ration {@e2}


   Skills:
 - Level 1.0 Fighting
 - Level 2.0 Dodging
 + Level 6.6 Unarmed Combat
 - Level 2.0 Spellcasting
 - Level 2.4 Transmutations
 - Level 1.6 Poison Magic


You had 3 spell levels left.
You knew the following spells:

 Your Spells              Type           Power        Failure   Level  Hunger
a - Beastly Appendage     Trmt           #.....       12%         1    #......
c - Spider Form           Trmt/Pois      #.........   30%         3    ###....
s - Sticks to Snakes      Trmt           #.........   14%         2    ###....


Dungeon Overview and Level Annotations

Branches:
Dungeon (5/15)
 Temple: D:4-7

Altars:
Ru
Trog


Innate Abilities, Weirdness & Mutations

You cannot wear most types of armour.
You are amphibious.
You can wear up to eight rings at the same time.
You can use your tentacles to constrict many enemies at once.
Your skin changes colour to match your surroundings (Stealth).
Your rubbery body absorbs attacks (AC +1).


Message History

You take 1 damage, and have 26/38 hp.
You hit the quasit but do no damage. The quasit misses you.
The quasit misses you. The quasit barely misses you.
You hit the quasit. The quasit misses you. The quasit misses you.
The quasit barely misses you.
You barely miss the quasit. The quasit bites you.
You feel clumsy. The quasit closely misses you.
The quasit claws you but does no damage.
You take 1 damage, and have 26/38 hp.
Unknown command.
You hit the quasit. The quasit closely misses you.
The quasit closely misses you. The quasit misses you.
You closely miss the quasit. The quasit misses you. The quasit misses you.
The quasit misses you.
You completely miss the quasit. The quasit barely misses you.
The quasit closely misses you. The quasit completely misses you.
The quasit bites you. The quasit closely misses you. The quasit claws you.
You feel clumsy.
You take 2 damage, and have 24/38 hp.
You bite the quasit!
You kill the quasit!
Your transformation has ended.
You start resting.
You regained 12 hp, and now have 37/38 hp.
MP restored: 10 You start resting.
Health restored: 38 Eat which item? (? for menu, Esc to quit)
You continue eating. x2
You finish eating.
That bread ration really hit the spot!
o - 2 green potions (gained 1)
p - 81 stones (gained 1)
A worker ant comes into view.
A worker ant is nearby!
A worker ant is nearby!
The worker ant twitches its antennae in your direction.
You tentacle-slap the worker ant. You grab the worker ant.
You constrict the worker ant. The worker ant barely misses you.
You tentacle-slap the worker ant.
You constrict the worker ant, but do no damage.
The worker ant misses you.
You tentacle-slap the worker ant but do no damage.
You constrict the worker ant, but do no damage.
The worker ant bites you.
You take 4 damage, and have 34/38 hp.
You tentacle-slap the worker ant.
You constrict the worker ant, but do no damage.
The worker ant misses you.
You tentacle-slap the worker ant but do no damage.
You constrict the worker ant, but do no damage.
The worker ant bites you.
You take 3 damage, and have 31/38 hp.
You tentacle-slap the worker ant. You constrict the worker ant.
The worker ant closely misses you.
You tentacle-slap the worker ant.
You kill the worker ant!
No target in view!
You see here a worker ant corpse.
You now have 163 gold pieces (gained 14).
Found a stone staircase leading down.
You regained 3 hp, and now have 34/38 hp.
i - 2 scrolls of remove curse (gained 1)
n - 10 arrows of flame You open the door.
A centaur comes into view.
The centaur shouts!
The centaur wields a shortbow.
The centaur shoots an arrow of frost.
The arrow of frost hits you. The arrow of frost freezes you.
There is an open door here.
You take 3 damage, and have 32/38 hp.
A centaur is nearby!
A centaur is nearby!
A centaur is nearby!
A centaur is nearby!
The centaur shoots an arrow of frost.
The arrow of frost completely misses you.
You see here an arrow of frost.
The centaur shoots an arrow of frost.
The arrow of frost hits you! The arrow of frost freezes you.
You take 20 damage, and have 13/38 hp.
MASSIVE DAMAGE!!
The centaur shoots an arrow of frost.
The arrow of frost closely misses you.
The centaur shoots an arrow of frost.
The arrow of frost barely misses you.
The centaur shoots an arrow of frost.
The arrow of frost hits you!
* * * LOW HITPOINT WARNING * * *
The arrow of frost freezes you.
* * * LOW HITPOINT WARNING * * *
You take 12 damage, and have 1/38 hp.
MASSIVE DAMAGE!!
Read which item? (? for menu, Esc to quit)
Okay, then.
Drink which item? (? for menu, Esc to quit)
You feel much better.
You regained 21 hp, and now have 22/38 hp.
The centaur shoots an arrow of frost.
The arrow of frost closely misses you.
The centaur shoots an arrow of frost.
The arrow of frost hits you!
* * * LOW HITPOINT WARNING * * *
The arrow of frost freezes you!
You die...

#.#.#......#
. ###......#
## #......#
#......#
#......#
#..>####
#.#.# #.#.#
#.@.# ###'#
#.........#
#....c....+
#.........#
#.........#
#.........#
+.........
#........


You could see a centaur.

Vanquished Creatures
  An orc priest (D:4)
  A quasit (D:5)
  An iguana (D:4)
  3 worker ants
  3 adders
  A river rat (D:4)
  A shadow imp (D:5)
  3 worms (D:4)
  An adder skeleton (D:4)
  An ooze (D:1)
  4 orcs
  6 goblins
  3 hobgoblins (D:3)
  7 jackals (D:4)
  A quokka (D:2)
  3 ball pythons
  11 bats
  4 giant cockroaches
  2 giant geckos
  A giant gecko skeleton (D:4)
  5 giant newts
  7 kobolds
  10 rats
80 creatures vanquished.

Vanquished Creatures (collateral kills)
  An adder (D:2)
1 creature vanquished.

Grand Total: 81 creatures vanquished

Notes
Turn   | Place    | Note
--------------------------------------------------------------
     0 | D:1      | hhkb, the Octopode Transmuter, began the quest for the Orb.
     0 | D:1      | Reached XP level 1. HP: 13/13 MP: 3/3
   536 | D:1      | Reached XP level 2. HP: 18/18 MP: 4/4
   607 | D:1      | Learned a level 2 spell: Sticks to Snakes
  1080 | D:2      | Reached skill level 4 in Unarmed Combat
  1096 | D:2      | Reached XP level 3. HP: 23/23 MP: 3/6
  1760 | D:2      | Found a sacrificial altar of Ru.
  2039 | D:2      | Found a bloodstained altar of Trog.
  2477 | D:3      | Reached XP level 4. HP: 28/28 MP: 7/7
  2662 | D:3      | Learned a level 3 spell: Spider Form
  2787 | D:3      | Reached skill level 5 in Unarmed Combat
  3208 | D:4      | HP: 3/28 [orc priest/divine providence (13)]
  3540 | D:4      | Noticed a phantom
  3568 | D:4      | Found a glowing drain.
  3584 | D:4      | Reached skill level 1 in Poison Magic
  4147 | D:4      | Reached XP level 5. HP: 33/33 MP: 5/9
  4668 | D:4      | Reached skill level 6 in Unarmed Combat
  4890 | D:5      | Entered Level 5 of the Dungeon
  4910 | D:5      | Reached XP level 6. HP: 13/38 MP: 6/10
  5340 | D:5      | Noticed a centaur
  5347 | D:5      | HP: 2/38 [centaur/arrow of frost (11)]
  5349 | D:5      | Shot with an arrow of frost by a centaur

Action                   |  1- 3 |  4- 6 || total
-------------------------+-------+-------++-------
Melee: Unarmed           |    81 |   122 ||   203
Throw: Stone             |    10 |    42 ||    52
 Cast: Sticks to Snakes  |     1 |     1 ||     2
       Beastly Appendage |     2 |     7 ||     9
       Spider Form       |       |     5 ||     5
  Use: Scroll            |     1 |     6 ||     7
       Potion            |       |     1 ||     1
 Stab: Sleeping          |     5 |     1 ||     6
  Eat: Chunk             |     4 |     7 ||    11
       Beef jerky        |       |     1 ||     1
       Bread ration      |       |     1 ||     1

Vault maps used:
D:1:      evilmike_arrival_hilbert_curve
D:2:      bloody_trog, first_bread, nicolae_ru_awakened_eye
D:4:      portal_sewer_entry_b
D:5:      lemuel_temple_firewalk_marked, kennysheep_generic_room_13

Table legend:
 A = Turns spent in this place as a percentage of turns spent in the entire game.
 B = Non-inter-level travel turns spent in this place as a percentage of non-inter-level travel turns spent in the entire game.
 C = Inter-level travel turns spent in this place as a percentage of turns spent in this place.
 D = Turns resting spent in this place as a percentage of non-inter-level travel turns spent in this place.
 E = Turns spent auto-exploring this place as a percentage of non-inter-level travel turns spent in this place.
 F = Non-inter-level travel turns spent in this place divided by the number of levels of this place that you've seen.
                   A       B       C       D       E      F
               +-------+-------+-------+-------+-------+----------------------
         Total | 100.0 | 100.0 |   1.0 |   4.4 |   7.9 | 320.6
       Dungeon | 100.0 | 100.0 |   1.0 |   4.4 |   7.9 | 320.6
               +-------+-------+-------+-------+-------+----------------------

Table legend:
 A = Kills in this place as a percentage of kills in entire the game.
 B = Kills by you in this place as a percentage of kills by you in the entire game.
 C = Kills by friends in this place as a percentage of kills by friends in the entire game.
 D = Other kills in this place as a percentage of other kills in the entire game.
 E = Experience gained in this place as a percentage of experience gained in the entire game.
 F = Experience gained in this place divided by the number of levels of this place that you have seen.
                   A       B       C       D       E      F
               +-------+-------+-------+-------+-------+----------------------
         Total | 100.0 | 100.0 | 100.0 |  -nan | 100.0 |  86.2
       Dungeon | 100.0 | 100.0 | 100.0 |  -nan | 100.0 |  86.2
               +-------+-------+-------+-------+-------+----------------------
